 Dungeon Crawl Stone Soup version 0.31-a0-536-ga3e2962e35 (console) character file.

Game seed: 15529854992928281852

43 Lexodia the Cudgeller (level 3, -1/37 HPs)
             Began as an Ogre Gladiator on Aug 13, 2023.
             Was a Follower of Kikubaaqudgha.
             Slain by a goblin
             ... wielding a +0 club
             ... led by Robin
              (5 damage)
             ... on level 3 of the Dungeon.
             The game lasted 00:03:17 (1638 turns).

Lexodia the Cudgeller (Ogre Gladiator)              Turns: 1638, Time: 00:03:18

Health: -1/37      AC:  3    Str: 25    XL:     3   Next: 58%
Magic:  3/3        EV: 10    Int:  9    God:    Kikubaaqudgha [*.....]
Gold:   62         SH:  0    Dex: 10    Spells: 2/2 levels left

rFire   + . .        u - +1 mace {spect, Will+ Str+5 SInv}
rCold   + . .        (no shield)
rNeg    . . .        b - +0 robe
rPois   .            c - +0 hat
rElec   .            (no cloak)
rCorr   .            (gloves unavailable)
SInv    +            (boots unavailable)
Will    ++...        (no amulet)
Stlth   +            j - ring of protection from fire
HPRegen 0.26/turn    g - ring of protection from cold
MPRegen 0.08/turn

%: no passive effects
@: brilliant, lethally poisoned (-1 -> -34), enlightened, flying, invisible
A: large, unfitting armour, tough skin 1
a: Renounce Religion, Unearth Wretches


You were on level 3 of the Dungeon.
You worshipped Kikubaaqudgha.
Kikubaaqudgha was aware of your devotion.
You visited 1 branch of the dungeon, and saw 3 of its levels.

You collected 62 gold pieces.

Inventory:

Hand Weapons
 a - a +0 flail
 u - the +1 mace of the Hummingbird (weapon) {spect, Will+ Str+5 SInv}
   (You found it on level 2 of the Dungeon)

   Str+5:     It affects your strength (+5).
   Will+:     It increases your willpower.
   SInv:      It lets you see invisible.
Missiles
 d - 3 throwing nets (quivered)
 e - a large rock
 l - 11 stones
 o - 2 poisoned darts
Armour
 b - a +0 robe (worn)
 c - a +0 hat (worn)
Jewellery
 g - a ring of protection from cold (right hand)
 j - a ring of protection from fire (left hand)
Scrolls
 h - a scroll of blinking {unknown}
 m - a scroll of silence {unknown}
 n - 2 scrolls of fog {unknown}
 t - a scroll of identify {unknown}
Potions
 f - a potion of invisibility
 i - a potion of heal wounds
 q - a potion of magic {unknown}
 r - a potion of mutation {unknown}
 s - a potion of curing {unknown}


   Skills:
 - Level 3.0 Fighting
 * Level 3.4 Maces & Flails
 + Level 2.5 Throwing
 - Level 3.0 Dodging
 + Level 0.1 Spellcasting
 + Level 0.1 Necromancy


You had 2 spell levels left.
You didn't know any spells.
Your spell library contained the following spells:

 Spells                   Type           Power      Damage    Failure   Level
 Kiss of Death            Conj/Necr      0%         2d5       36%         1
 Necrotise                Necr           0%         1d4       36%         1
 Cigotuvi's Dreadful Rot  Necr/Pois/Air  0%         N/A       52%         2
 Animate Dead             Necr           0%         N/A       98%         4


Dungeon Overview and Level Annotations

Branches:
Dungeon (3/15)

Altars:
Kikubaaqudgha

Shops:
D:2 [

Annotations:
D:3 Robin


Innate Abilities, Weirdness & Mutations

You are too large for most types of armour.
You have tough skin. (AC +1)


Message History

* * * LOW HITPOINT WARNING * * *
You are lethally poisoned!
The kobold closely misses you.
Robin hits you from afar with a +0 spear.
* * * LOW HITPOINT WARNING * * *
The hobgoblin hits you.
* * * LOW HITPOINT WARNING * * *
The hobgoblin barely misses you.
Huge Dmg: -22%(-8hp) hp: 22%(8hp)
Okay, then.
It was a potion of heal wounds.
You feel much better.
You feel very sick.
The goblin hits you with a +0 dagger of venom.
You are more poisoned.
The kobold barely misses you. The goblin hits you with a +0 dagger.
The hobgoblin closely misses you. x2; The goblin misses you.
Robin hits you but does no damage.
It was a potion of brilliance.
You feel clever all of a sudden.
You feel very sick. The kobold closely misses you.
The goblin barely misses you. The goblin hits you but does no damage.
You are more poisoned.
The hobgoblin closely misses you. The hobgoblin barely misses you.
The goblin hits you with a +0 club. Robin closely misses you.
Huge Dmg: -22%(-8hp) hp: 38%(14hp) It was a potion of enlightenment.
You feel very buoyant.
You fly up into the air.
* * * LOW HITPOINT WARNING * * *
You feel very sick. The goblin hits you but does no damage.
You are more poisoned.
The kobold hits you with a +0 club.
* * * LOW HITPOINT WARNING * * *
The goblin barely misses you. The hobgoblin hits you.
* * * LOW HITPOINT WARNING * * *
The hobgoblin barely misses you. The goblin hits you with a +0 club.
You die...
Kikubaaqudgha rasps: "You have failed me!
Welcome... death!"

##### #...#
#<..+ #...#
#..g########
#..g@gg.....
#..Kggg.....
#...ggg...[.
#...........
####........
#........
#........
#...##8..


You could see Robin (unable to see you), 2 hobgoblins, 7 goblins and a kobold
(unable to see you).

Vanquished Creatures
  A worm (D:2)
  A dart slug (D:1)
  An orc (D:2)
  3 ball pythons (D:2)
  2 bats
  3 endoplasms (D:1)
  A giant cockroach (D:1)
  5 goblins
  8 hobgoblins
  2 kobolds
  3 rats (D:1)
30 creatures vanquished.

Notes
Turn   | Place    | Note
-------+----------+-------------------------------------------
     0 | D:1      | Lexodia the Ogre Gladiator began the quest for the Orb.
     0 | D:1      | Reached XP level 1. HP: 22/22 MP: 1/1
   143 | D:1      | Reached XP level 2. HP: 28/29 MP: 2/2
   895 | D:2      | Reached XP level 3. HP: 34/37 MP: 3/3
  1179 | D:2      | Found a faded altar of an unknown god.
  1204 | D:2      | Prayed at the altar of an unknown god.
  1204 | D:2      | Became a worshipper of Kikubaaqudgha
  1204 | D:2      | Reached * piety under Kikubaaqudgha
  1204 | D:2      | Received a gift from Kikubaaqudgha
  1296 | D:2      | Identified the +1 mace of the Hummingbird {spect, Will+
                  | Str+5 SInv}
  1370 | D:2      | Found Kilabbil's Antique Armour Shop.
  1501 | D:2      | Huge Dmg: 11 dmg
  1625 | D:3      | Noticed Robin
  1634 | D:3      | Huge Dmg: 10 dmg
  1635 | D:3      | Huge Dmg: 6 dmg
  1636 | D:3      | Huge Dmg: 8 dmg
  1638 | D:3      | Huge Dmg: 8 dmg
  1638 | D:3      | Slain by a goblin

Illustrated notes

Levels and vault maps discovered:
D:1:      lemuel_arrival_muddy, layout_loops_ring
D:2:      layout_loops_ring, shapermc_ecumenical_altar_flowoftime, serial_shops,
          nicolae_shop_trees
D:3:      layout_basic, minitemple, minmay_misc_feat_x, uniq_ijyb, uniq_robin

Skill      XL: |  1  2  3 |
---------------+----------+-----
Fighting       | 3 |  3.0
Maces & Flails | 3 |  3.4
Dodging        | 3 |  3.0
Throwing       | |  2.5
Spellcasting   | |  0.1
Necromancy     | |  0.1

Action                     || total
---------------------------++-------
  Melee: Flail             ||    89
         Punch             ||     1
         Mace              ||    11
    Use: Potion            ||     4
 Armour: Robe              ||    30
  Dodge: Dodged            ||    66

Table legend: (Time is in decaauts)
 A = Elapsed time spent in this place.
 B = Non-inter-level travel time spent in this place.
 C = Inter-level travel time spent in this place.
 D = Time resting spent in this place.
 E = Time spent auto-exploring this place.
 F = Levels seen in this place.
 G = Mean time per level.
                   A        B        C        D        E       F      G
               +--------+--------+--------+--------+--------+-----+--------+
         Total |   1660 |   1544 |    116 |      0 |   1283 |   3 |  553.3 |
       Dungeon |   1660 |   1544 |    116 |      0 |   1283 |   3 |  553.3 |
               +--------+--------+--------+--------+--------+-----+--------+

Top non-repeatable levels by time:
     D:1: 892 daAuts
     D:2: 751 daAuts
     D:3: 16 daAuts
